 Dungeon Crawl Stone Soup version 0.27.0-1-g7a089689b8 (webtiles) character file.

Game seed: 9068390843649604799

53 Sin92 the Shield-Bearer (level 3, -3/33 HPs)
             Began as a Minotaur Fighter on Aug 5, 2021.
             Killed from afar by Sigmund (12 damage)
             ... with a puff of flame
             ... on level 2 of the Dungeon.
             The game lasted 00:01:00 (1029 turns).

Sin92 the Shield-Bearer (Minotaur Fighter)          Turns: 1029, Time: 00:01:01

Health: -3/33      AC:  7    Str: 21    XL:     3   Next: 62%
Magic:  2/2        EV:  7    Int:  5    God:
Gold:   46         SH:  9    Dex:  9    Spells: 2/2 levels left

rFire    . . .     SeeInvis .   a - +0 war axe
rCold    . . .     Faith    .   c - +0 kite shield
rNeg     . . .     Spirit   .   b - +0 scale mail
rPois    +         Reflect  .   (helmet restricted)
rElec    .         Harm     .   (no cloak)
rCorr    .         Rampage  .   (no gloves)
Will     .....                  (no boots)
Stlth    ..........             (no amulet)
HPRegen  0.11/turn              h - ring of poison resistance
MPRegen  0.08/turn              (no ring)

@: no status effects
A: horns 2, retaliatory headbutt
a: no special abilities


You were on level 2 of the Dungeon.
You visited 1 branch of the dungeon, and saw 2 of its levels.

You collected 46 gold pieces.

Inventory:

Hand Weapons
 a - a +0 war axe (weapon)
 m - a +1 whip of flaming
Missiles
 n - 2 javelins (quivered)
Armour
 b - a +0 scale mail (worn)
 c - a +0 kite shield (worn)
Jewellery
 h - a ring of poison resistance (left hand)
Scrolls
 f - 2 scrolls of amnesia {unknown}
 g - a scroll of immolation {unknown}
 j - 2 scrolls of teleportation {unknown}
 l - a scroll of summoning {unknown}
 o - a scroll of vulnerability {unknown}
Potions
 d - a potion of might
 e - a potion of heal wounds {unknown}
 i - 2 potions of curing
 k - a potion of lignification {unknown}


   Skills:
 + Level 3.9 Fighting
 * Level 3.7 Axes
 + Level 4.0 Armour
 + Level 1.1 Dodging
 + Level 4.0 Shields


You had 2 spell levels left.
You didn't know any spells.
Your spell library was empty.

Dungeon Overview and Level Annotations

Branches:
Dungeon (2/15)

Altars:

Annotations:
D:2 Sigmund


Innate Abilities, Weirdness & Mutations

You have a pair of horns on your head.
You reflexively headbutt those who attack you in melee.


Message History

Things that are here:
a +0 club; a goblin corpse No target in view!
Unknown command.
Sigmund the Dreaded comes into view.
He is wielding a +0 scythe and wearing a +0 robe of fire resistance.
Sigmund shouts!
Sigmund says, "Your kind have come here before.
I understand now why.
You desire death..."
Sigmund gestures wildly while chanting.
Sigmund flickers and vanishes!
Deactivating autopickup; reactivate with Ctrl-A.
Unknown command.
There is a strange disturbance nearby!
No target in view!
Unknown command.
There is a strange disturbance nearby!
No target in view!
Unknown command.
There is a strange disturbance nearby!
No target in view!
No target in view!
You hear some strange, mumbled words.
You are confused.
Something hits you but does no damage. Something hits you!
It was a potion of curing.
You feel better. Something hits you. Something hits you.
You hit something. Something hits you. x2
You closely miss something. You headbutt something!
You hear some strange, mumbled words.
A puff of flame appears from out of thin air!
The puff of flame hits you!
* * * LOW HITPOINT WARNING * * *
You slash something!
A quokka comes into view.
You block something's attack. Something hits you but does no damage.
You barely miss something. Your headbutt misses something.
You hear some strange, mumbled words.
A puff of flame appears from out of thin air!
The puff of flame hits you!
You die...

........ #......###..
#........... #......!....
#........... #...........
+..{....... ..###+#.@...!#
#...........+
##+#.........r.#####
#....................
#.............#......
#..........##.#......
.#.............#......
§.........)...##...######+#
8≈........†....+....†.....##


You could see a quokka.

Vanquished Creatures
  An adder (D:2)
  2 dart slugs
  3 ball pythons (D:1)
  3 endoplasms (D:1)
  A giant cockroach (D:1)
  2 hobgoblins (D:1)
  4 jackals (D:1)
  3 quokkas (D:1)
  3 bats (D:1)
  3 frilled lizards (D:1)
  4 goblins
  2 kobolds
  6 rats
  A spectral goblin (D:1)
38 creatures vanquished.

Notes
Turn   | Place    | Note
-------+----------+-------------------------------------------
     0 | D:1      | Sin92 the Minotaur Fighter began the quest for the Orb.
     0 | D:1      | Reached XP level 1. HP: 19/19 MP: 0/0
    67 | D:1      | Found a faded altar of an unknown god.
   149 | D:1      | Reached XP level 2. HP: 27/27 MP: 1/1
   453 | D:1      | Reached XP level 3. HP: 25/33 MP: 2/2
   683 | D:1      | Reached skill level 1 in Dodging
  1016 | D:2      | Noticed Sigmund
  1029 | D:2      | Killed from afar by Sigmund

Illustrated notes

Levels and vault maps discovered:
D:1:      minmay_arrival_shattered_statue, layout_loops_ring,
          dreamdust_ecumenical_altar_drowned_temple
D:2:      layout_basic, kennysheep_doodads, uniq_sigmund, uniq_natasha

Skill      XL: |  1  2  3 |
---------------+----------+-----
Axes           | 3 |  3.7
Dodging        | 1 |  1.1
Armour         | 4 |  4.0
Shields        | 4 |  4.0
Fighting       | |  3.9

Action                   || total
-------------------------++-------
Melee: War axe           ||    76
       Headbutt          ||    13
  Use: Potion            ||     1
Armor: Scale mail        ||    37
Dodge: Dodged            ||    13
Block: Kite shield       ||    36
